 Dungeon Crawl Stone Soup version 0.29-a0-90-gc37658a0fe (webtiles) character file.

Game seed: 12568841495049387813

32 lordive the Grasshopper (level 3, -2/28 HPs)
             Began as a Palentonga Warper on Feb 6, 2022.
             Slain by Robin (6 damage)
             ... on level 1 of the Dungeon.
             The game lasted 00:01:28 (1402 turns).

lordive the Grasshopper (Palentonga Warper)         Turns: 1402, Time: 00:01:28

Health: -2/28      AC:  5    Str: 14    XL:     3   Next: 10%
Magic:  6/6        EV:  9    Int: 15    God:
Gold:   26         SH:  0    Dex:  9    Spells: 6/6 levels left

rFire   . . .      SeeInvis +   a - +0 falchion
rCold   . . .      Faith    .   (no shield)
rNeg    . . .      Spirit   .   b - +0 leather armour
rPois   .          Reflect  .   (no helmet)
rElec   .          Harm     .   g - +0 cloak
rCorr   .          Rampage  .   (no gloves)
Will    .....                   (no barding)
Stlth   +.........              (no amulet)
HPRegen 0.09/turn               (no ring)
MPRegen 0.10/turn               (no ring)

@: no status effects
A: large, rugged brown scales 3, see invisible, deformed body, roll 1, armoured
tail
a: Rolling Charge


You were on level 1 of the Dungeon.
You visited 1 branch of the dungeon, and saw 2 of its levels.

You collected 26 gold pieces.

Inventory:

Hand Weapons
 a - a +0 falchion (weapon)
Missiles
 d - 5 boomerangs of dispersal (quivered)
Armour
 b - a +0 leather armour (worn)
 g - a +0 cloak (worn)
Jewellery
 i - a ring of fire
Scrolls
 c - a scroll of blinking
 f - a scroll of enchant armour {unknown}
 h - a scroll of amnesia {unknown}
 j - a scroll of magic mapping {unknown}
Potions
 e - 6 potions of heal wounds {unknown}


   Skills:
 + Level 2.2 Fighting
 + Level 2.1 Long Blades
 + Level 0.6 Throwing
 + Level 0.8 Armour
 + Level 1.8 Dodging
 + Level 2.2 Spellcasting
 * Level 3.7 Translocations


You had 6 spell levels left.
You didn't know any spells.
Your spell library contained the following spells:

 Spells                   Type           Power      Damage    Failure   Level
 Blink                    Tloc           24%        N/A       9%          2
 Gell's Gravitas          Tloc           12%        N/A       17%         3
 Lesser Beckoning         Tloc           12%        N/A       17%         3
 Teleport Other           Tloc           12%        N/A       17%         3
 Sandblast                Erth           2%         2d4       26%         1
 Passwall                 Tmut/Erth      0%         N/A       38%         2
 Stone Arrow              Conj/Erth      2%         3d7       63%         3
 Manifold Assault         Tloc           12%        N/A       85%         5


Dungeon Overview and Level Annotations

Branches:
Dungeon (2/15)

Altars:

Annotations:
D:1 Robin


Innate Abilities, Weirdness & Mutations

You are completely covered in rugged brown scales. (AC +3, +7% HP)
You have supernaturally acute eyesight. (SInv)
Armour fits poorly on your strangely shaped body.
You can roll at nearby foes to attack.
You have a long armoured tail.


Message History

You barely miss Robin.
Robin is moderately wounded.
Robin hits you with a +0 mace.
* * * LOW HITPOINT WARNING * * *
The goblin barely misses you.
A goblin comes into view. It is wielding a +0 dagger.
Robin roars a battlecry!
The goblin goes into a battle-frenzy!
The goblin closely misses you.
You climb upwards.
There is a stone staircase leading down here.
Unknown command.
The goblin barely misses you. Robin throws the goblin at you!
The goblin barely misses you. The goblin barely misses you.
The goblin completely misses you. Robin throws the goblin at you!
The goblin closely misses you.
You hit the goblin.
You kill the goblin!
Robin laughs in a distinctly smug fashion.
Items here: ( )) †.
You barely miss Robin.
Robin is moderately wounded.
Robin hits you with a +0 mace.
* * * LOW HITPOINT WARNING * * *
Robin closely misses you.
You barely miss Robin.
Robin is lightly wounded.
Robin barely misses you.
You see here a +0 dagger.
There is an open door here.
There is an open door here.
Roll where?
Press: ? - help, Dir - move target, f - Robin
Aim: Robin, wielding a +0 mace, wearing a +0 animal skin and wearing a +0 helmet (lightly wounded)
You roll forward with a clatter of scales!
You closely miss Robin. You tail-slap Robin, but do no damage.
Robin is lightly wounded.
Robin hits you with a +0 mace.
You die...

#)# #.#####....
######'######.# #.###
#...........#.# #....
#...........#.# #..##
#...........#.# #....
#...........#.######.##
#...........#.....##.##
#.....g..>..#####.##...
######@##########.##...
#○# #....##... #.#
#.######.. #.# #.# #..
#.#######.# #..
#.........# #..
########### #.. #.. #..


You could see Robin.

Vanquished Creatures
  A worm (D:2)
  An endoplasm (D:1)
  A giant cockroach (D:1)
  7 goblins
  4 hobgoblins (D:1)
  4 kobolds (D:1)
  2 quokkas
  3 bats
  2 frilled lizards (D:1)
  2 rats (D:1)
27 creatures vanquished.

Notes
Turn   | Place    | Note
-------+----------+-------------------------------------------
     0 | D:1      | lordive the Palentonga Warper began the quest for the Orb.
     0 | D:1      | Reached XP level 1. HP: 17/17 MP: 3/3
    89 | D:1      | Found a faded altar of an unknown god.
   338 | D:1      | Reached XP level 2. HP: 23/23 MP: 5/5
  1343 | D:2      | Noticed Robin
  1368 | D:2      | Reached XP level 3. HP: 21/28 MP: 6/6
  1402 | D:1      | Slain by Robin

Illustrated notes

Levels and vault maps discovered:
D:1:      mrwooster_arrival_statue_2, layout_basic, shapermc_ecumenical_altar_gd
D:2:      layout_basic, basic_altar, uniq_terence, uniq_robin

Action                   || total
-------------------------++-------
Melee: Falchion          ||    83
       Tailslap          ||     7
       Punch             ||     1
 Abil: Rolling Charge    ||     1
Armor: Leather armour    ||    40
Dodge: Dodged            ||    58

Table legend: (Time is in decaauts)
 A = Elapsed time spent in this place.
 B = Non-inter-level travel time spent in this place.
 C = Inter-level travel time spent in this place.
 D = Time resting spent in this place.
 E = Time spent auto-exploring this place.
 F = Levels seen in this place.
 G = Mean time per level.
                   A        B        C        D        E       F      G
               +--------+--------+--------+--------+--------+-----+--------+
         Total |   1418 |   1399 |     19 |      0 |   1179 |   2 |  709.0 |
       Dungeon |   1418 |   1399 |     19 |      0 |   1179 |   2 |  709.0 |
               +--------+--------+--------+--------+--------+-----+--------+

Top non-repeatable levels by time:
     D:1: 1238 daAuts
     D:2: 179 daAuts
